 Dungeon Crawl Stone Soup version 0.26-a0-255-gd5f3108e62 (webtiles) character file.

Game seed: 14045750878401600620

94844 gruber the Gelid (level 15, -20/115 HPs)
             Began as a Yellow Draconian Ice Elementalist on July 9, 2020.
             Was a High Priest of Vehumet.
             Killed from afar by Jorgrun (48 damage)
             ... with an iron shot
             ... on level 13 of the Dungeon.
             The game lasted 00:44:51 (31523 turns).

gruber the Gelid (DrIE)                            Turns: 31523, Time: 00:44:51

Health: -20/115    AC: 13    Str:  7    XL:     15   Next: 64%
Magic:  0/28       EV: 13    Int: 25    God:    Vehumet [*****.]
Gold:   1178       SH: 11    Dex: 18    Spells: 5/32 levels left

rFire    + + .     SeeInvis +   M - staff of cold
rCold    + + .     Faith    .   m - +0 kite shield "Wiampe" {rElec Str-5 Int+2 Dex+2}
rNeg     . . .     Spirit   .   (armour unavailable)
rPois    .         Reflect  .   P - +2 hat
rElec    +         Harm     .   T - scarf {rC+ rF+}
rCorr    +                      S - +1 pair of gloves
MR       ++...                  (no boots)
Stlth    ++........             O - amulet of the acrobat
HPRegen  0.29/turn              g - ring of protection from magic
MPRegen  0.21/turn              R - ring "Juhyvy Pane" {rF+ Int+3 Dex+4 SInv}

@: short of breath, grasped by roots, frozen ramparts, very slightly
contaminated, constricted
A: spit acid, unfitting armour, acidic bite, cold-blooded, acid resistance, AC
+9
a: Breathe Acid, Renounce Religion


You were on level 13 of the Dungeon.
You worshipped Vehumet.
Vehumet was extremely pleased with you.
You were not hungry.

You visited 4 branches of the dungeon, and saw 23 of its levels.
You also visited: Ossuary.

You collected 2440 gold pieces.
You spent 1262 gold pieces at shops.

Inventory:

Hand Weapons
 N - the +8 demon blade "Leech" {vamp, *Rage +Rage rN+}
   (You took it off an orc priest on level 10 of the Dungeon)

   It inflicts no extra harm, but heals its wielder when it wounds a living foe.
   It protects you from negative energy.
   It lets you go berserk.
   It may make you go berserk in combat.
Armour
 m - the +0 kite shield "Wiampe" (worn) {rElec Str-5 Int+2 Dex+2}
   (You bought it in a shop on level 2 of the Orcish Mines)

   It affects your strength (-5).
   It affects your intelligence (+2).
   It affects your dexterity (+2).
   It insulates you from electricity.
 P - a +2 hat (worn)
 S - a +1 pair of gloves (worn)
 T - a scarf of resistance (worn)
Magical Staves
 M - an uncursed staff of cold (weapon)
Jewellery
 g - a ring of protection from magic (left hand)
 l - an uncursed ring of flight
 o - an uncursed amulet of reflection
 C - an uncursed ring of wizardry
 F - an uncursed ring of see invisible
 O - an amulet of the acrobat (around neck)
 R - the ring "Juhyvy Pane" (right hand) {rF+ Int+3 Dex+4 SInv}
   (You bought it in a shop on level 2 of the Orcish Mines)

   [ring of see invisible]

   It affects your intelligence (+3).
   It affects your dexterity (+4).
   It protects you from fire.
   It lets you see invisible.
 W - a +4 ring of protection {unknown}
Wands
 f - a wand of flame (9)
 n - a wand of iceblast (16)
 t - a wand of clouds (8)
 B - a wand of enslavement (6)
 Q - a wand of polymorph (10)
 V - a wand of digging (5)
Scrolls
 c - 9 scrolls of identify
 e - 7 scrolls of teleportation
 h - 8 scrolls of remove curse
 k - 5 scrolls of immolation
 u - 3 scrolls of enchant weapon
 v - 2 scrolls of holy word
 x - 3 scrolls of magic mapping
 y - 2 scrolls of fog
 z - a scroll of summoning
 D - 5 scrolls of enchant armour
 E - a scroll of brand weapon
 J - 3 scrolls of blinking
 L - 5 scrolls of amnesia
 U - a scroll of silence
Potions
 a - 3 potions of brilliance
 d - a potion of lignification
 i - 2 potions of berserk rage
 j - a potion of magic
 p - 3 potions of invisibility
 q - 12 potions of curing
 r - 4 potions of heal wounds
 s - a potion of resistance {unknown}
 w - 2 potions of mutation
 A - 5 potions of might
 G - 2 potions of cancellation
 H - 4 potions of haste
 I - 2 potions of flight
 K - 4 potions of stabbing
Comestibles
 b - 63 rations


   Skills:
 - Level 6.0 Fighting
 - Level 7.0 Dodging
 - Level 1.7 Stealth
 * Level 9.8 Shields
 - Level 9.1 Spellcasting
 - Level 8.5 Conjurations
 - Level 8.0 Summonings
 - Level 17.3 Ice Magic
 - Level 10.0 Earth Magic


You had 5 spell levels left.
You knew the following spells:

 Your Spells              Type           Power        Failure   Level
a - Freeze                Ice            ####         0%          1
b - Frozen Ramparts       Ice            ######       1%          3
c - Hailstorm             Conj/Ice       #######.     1%          4
d - Summon Ice Beast      Ice/Summ       #######.     1%          4
e - Stone Arrow           Conj/Erth      ######       1%          3
f - Iron Shot             Conj/Erth      ######....   10%         6
g - Ozocubu's Refrigerat  Ice            #######...   1%          6

Your spell library contained the following spells:

 Spells                   Type           Power        Failure   Level
 Lightning Bolt           Conj/Air       ####......   13%         5
 Summon Small Mammal      Summ           ####         1%          1
 Ozocubu's Armour         Chrm/Ice       ######..     1%          3
 Ice Form                 Ice/Tmut       ######..     3%          4
 Bolt of Magma            Conj/Fire/Erth #####.....   6%          5
 Ignite Poison            Fire/Tmut/Pois ##......     9%          3
 Inner Flame              Hex/Fire       ##......     9%          3
 Metabolic Englaciation   Hex/Ice        ######....   9%          5
 Animate Skeleton         Necr           ##....       11%         1
 Apportation              Tloc           ##....       11%         1
 Corona                   Hex            ##.....      11%         1
 Pain                     Necr           ##..         11%         1
 Leda's Liquefaction      Hex/Erth       #####.....   13%         4
 Fireball                 Conj/Fire      ####......   13%         5
 Iskenderun's Battlesphe  Conj/Chrm      ####....     13%         5
 Corpse Rot               Necr/Air       N/A          16%         2
 Slow                     Hex            ##......     16%         2
 Portal Projectile        Hex/Tloc       ##....       30%         3
 Vampiric Draining        Necr           ##........   30%         3
 Summon Forest            Summ/Tloc      ####......   50%         5
 Animate Dead             Necr           ##........   71%         4
 Cause Fear               Hex            ##........   71%         4
 Agony                    Necr           ##......     96%         5
 Freezing Cloud           Conj/Ice/Air   ######....   13%         6
 Simulacrum               Ice/Necr       ######....   41%         6
 Starburst                Conj/Fire      ####......   54%         6
 Orb of Destruction       Conj           ######....   54%         7
 Spellforged Servitor     Conj/Summ      ######....   56%         7
 Summon Hydra             Summ           ######....   97%         7
 Eringya's Noxious Bog    Tmut/Pois      ##........   100%        6
 Hydra Form               Tmut           ##........   100%        6
 Ring of Flames           Chrm/Fire      ##........   100%        7
 Ignition                 Fire           ##........   100%        8


Dungeon Overview and Level Annotations

Branches:
Dungeon (14/15)            Temple (1/1) D:5            Lair (6/6) D:11
 Shoals (0/4) Lair:4        Snake (0/4) Lair:3        Slime (0/5) Lair:6
    Orc (2/2) D:9             Elf (0/3) Orc:2        Vaults (0/5) D:13
Ossuary (visited)

Altars:
Ashenzari
Cheibriados
Fedhas
Nemelex Xobeh
Okawaru
Qazlal
Ru
Uskayaw
Vehumet
Wu Jian
Yredelemnul

Shops:
D:4 ?   D:10 ?   D:12 %   Orc:2 [=:[

Annotations:
D:13 1 runed translucent door, Jorgrun


Innate Abilities, Weirdness & Mutations

You can spit globs of acid.
Your golden yellow scales are hard. (AC +9)
You cannot fit into any form of body armour.
You have acidic saliva.
You are cold-blooded and may be slowed by cold attacks.
You are resistant to acid. (rCorr)


Message History

You create a blast of poison gas!
Jorgrun is engulfed in poison gas.
Jorgrun is poisoned.
The wall freezes Jorgrun.
Jorgrun gestures at you while chanting.
Roots burst forth from the earth!
The grasping roots grab you!
* * * LOW HITPOINT WARNING * * *
The grasping roots constrict you.
Unknown command.
Unknown command.
Unknown command.
Casting: Frozen Ramparts (safe; 1% risk of failure)
Confirm with . or Enter, or press ? or * to list all spells.
Aiming: Iron Shot (dangerous; 10% risk of failure)
Press: ? - help, Shift-Dir - straight line, f/p - Jorgrun
Aim: Jorgrun, wielding a staff of earth and wearing a +2 robe of fire resistance (poison gas, almost dead, poisoned)
The iron shot misses Jorgrun.
Jorgrun is engulfed in poison gas.
Jorgrun looks even sicker.
The wall freezes Jorgrun!
Jorgrun gestures at you while chanting. The iron shot hits you!!!
You die...

######........#.#######...#.<....
.....#...######.#......)..'......
.....#...+......#.........#......
.....#...#.§§§§.#.........#......
.....##'##.§§§§.#.........#....†.
...).......§§§§§#.........#......
...........§§§§§###########......
........(....☼§g§................
...............§@................
..........(########...########...
........#### ##### #... #########
#... # #... #... ####


You could see Jorgrun (very poisoned).

Vanquished Creatures
  A stone giant (Orc:1)
  Nessos (D:12)
  5 dire elephants (Lair:6)
  An ettin (D:13)
  2 vault guards (D:13)
  6 hydras
  Harold (D:8)
  2 catoblepae (Lair:6)
  18 two-headed ogres
  An anaconda (Lair:6)
  4 centaur warriors (D:13)
  2 tengu warriors (D:13)
  4 ogre magi (Orc:2)
  Urug (D:11)
  Nergalle (Lair:2)
  Sonja (Orc:1)
  Pikel (D:5)
  2 orc knights
  2 deep elf magi
  2 ugly things (D:12)
  2 manticores
  2 necromancers (D:13)
  2 cyclopes
  24 elephants
  A merfolk siren (Lair:4)
  A guardian serpent (Lair:3)
  5 black mambas
  A gargoyle (D:10)
  8 cane toads
  8 komodo dragons
  A yaktaur (D:13)
  6 trolls
  A jumping spider (shapeshifter) (D:10)
  12 slime creatures (D:13)
  17 blink frogs
  7 hippogriffs
  Sigmund (D:2)
  A vampire (D:12)
  6 wyverns
  20 humans (D:13)
  Grum (D:8)
  2 hogs (D:13)
  46 yaks
  A basilisk (Lair:6)
  A steam dragon (D:11)
  3 wargs
  13 water moccasins
  5 porcupines
  Duvessa (D:5)
  10 orc warriors
  3 eyes of draining
  5 ice beasts
  A black bear (D:10)
  A necrophage (D:10)
  35 ogres
  6 sky beasts
  8 wolves
  6 centaurs
  8 crocodiles
  4 big kobolds
  A lemure (D:5)
  A gnoll sergeant (D:6)
  15 bullfrogs
  Dowan (D:5)
  3 scorpions
  6 killer bees
  8 wights (D:11)
  A centaur zombie (D:10)
  A bullfrog zombie (D:6)
  2 hounds
  13 jellies
  18 orc priests
  3 bullfrog skeletons
  3 iguanas
  14 orc wizards
  4 hell rats (Lair:5)
  9 worker ants
  A killer bee zombie (D:8)
  A hound skeleton (D:4)
  3 mummies
  A howler monkey skeleton (D:5)
  9 gnolls
  10 adders
  2 shadow imps
  12 oozes
  3 adder skeletons
  An adder zombie (D:10)
  A worm (D:4)
  3 dart slugs (D:2)
  5 leopard geckos
  73 orcs
  6 bats
  3 giant cockroaches
  6 gnoll zombies (Ossuary)
  7 goblins
  7 hobgoblins
  6 jackals
  2 quokkas
  3 ball pythons
  4 frilled lizards
  3 gnoll skeletons (Ossuary)
  3 goblin skeletons (Ossuary)
  4 goblin zombies
  A hobgoblin skeleton (Ossuary)
  4 hobgoblin zombies
  25 kobolds
  3 kobold skeletons (Ossuary)
  3 kobold zombies (Ossuary)
  2 leopard gecko skeletons (D:4)
  2 leopard gecko zombies (D:5)
  4 orc skeletons (Ossuary)
  3 orc zombies (Ossuary)
  A quokka skeleton (D:4)
  11 rats
  5 rat skeletons (Ossuary)
  2 rat zombies (Ossuary)
  35 fungi
  29 plants
756 creatures vanquished.

Vanquished Creatures (collateral kills)
  Rupert (D:12)
  A hydra (D:10)
  A two-headed ogre (D:10)
  A centaur warrior (D:10)
  An oklob plant (D:11)
  An ugly thing (D:12)
  Joseph (D:7)
  2 centaur skeletons
  A gargoyle (D:10)
  A rime drake (Lair:3)
  2 komodo dragons (Lair:1)
  A blink frog (Lair:1)
  A wraith (D:10)
  4 yaks (D:9)
  A wyvern (D:10)
  A shadow (D:11)
  2 vampire mosquitoes (D:13)
  Menkaure (Ossuary)
  A porcupine (Lair:1)
  A water moccasin (Lair:1)
  2 phantoms
  3 ice beasts
  2 necrophages
  2 ogres
  A big kobold (D:7)
  A bullfrog (D:13)
  5 wights
  3 jellies
  A bullfrog skeleton (D:10)
  2 hounds
  2 orc wizards
  A worker ant (D:7)
  A mummy (Ossuary)
  5 oozes (D:11)
  2 orcs (D:5)
  A quokka (D:10)
  A goblin skeleton (Ossuary)
  2 goblin zombies (Ossuary)
  A hobgoblin skeleton (Ossuary)
  2 kobolds (D:7)
  A kobold zombie (Ossuary)
  2 orc skeletons (Ossuary)
  A rat skeleton (Ossuary)
  2 rat zombies (Ossuary)
72 creatures vanquished.

Vanquished Creatures (others)
  A crocodile (Lair:6)
  A goblin skeleton (Ossuary)
  5 fungi (D:11)
  4 plants (Lair:6)
11 creatures vanquished.

Grand Total: 839 creatures vanquished

Notes
Turn   | Place    | Note
-------+----------+-------------------------------------------
     0 | D:1      | gruber the Draconian Ice Elementalist began the quest for
                  | the Orb.
     0 | D:1      | Reached XP level 1. HP: 14/14 MP: 3/3
   394 | D:1      | Reached XP level 2. HP: 20/20 MP: 0/5
  1267 | D:2      | Noticed Sigmund
  1271 | D:2      | Found a sparkling altar of Nemelex Xobeh.
  1277 | D:2      | Killed Sigmund
  1277 | D:2      | Reached skill level 5 in Ice Magic
  1277 | D:2      | Reached XP level 3. HP: 17/26 MP: 0/8
  1277 | D:2      | Reached XP level 4. HP: 21/33 MP: 0/9
  1277 | D:2      | Reached XP level 5. HP: 24/38 MP: 0/10
  2051 | D:2      | Learned a level 3 spell: Frozen Ramparts
  2056 | D:2      | Learned a level 4 spell: Hailstorm
  2582 | D:2      | Reached skill level 6 in Ice Magic
  2623 | D:3      | Found a stormy altar of Qazlal.
  2625 | D:3      | Found a blossoming altar of Fedhas.
  2807 | D:3      | Found a sacrificial altar of Ru.
  3178 | D:3      | Reached XP level 6. HP: 44/45 MP: 8/12
  3874 | D:4      | Found Xothoive's Magic Scroll Boutique.
  3909 | D:3      | Learned a level 4 spell: Summon Ice Beast
  4241 | D:4      | Bought a scroll of identify for 22 gold pieces
  4241 | D:4      | Bought a scroll of identify for 22 gold pieces
  4241 | D:4      | Bought a scroll of identify for 22 gold pieces
  4241 | D:4      | Bought a scroll of identify for 22 gold pieces
  4241 | D:4      | Bought a scroll of identify for 22 gold pieces
  4241 | D:4      | Bought a scroll of identify for 22 gold pieces
  4241 | D:4      | Bought a scroll of teleportation for 33 gold pieces
  4373 | D:5      | Entered Level 5 of the Dungeon
  4640 | D:5      | Noticed Dowan
  4641 | D:5      | Noticed Duvessa
  4660 | D:5      | Killed Duvessa
  4660 | D:5      | Reached skill level 5 in Spellcasting
  4660 | D:5      | Reached skill level 7 in Ice Magic
  4660 | D:5      | Your scales start taking on a golden yellow colour.
  4660 | D:5      | Reached XP level 7. HP: 39/50 MP: 11/14
  4660 | D:5      | Gained mutation: You are resistant to acid. (rCorr) [Yellow
                  | Draconian growth]
  4661 | D:5      | Killed Dowan
  4690 | D:5      | Noticed Pikel
  4702 | D:5      | Killed Pikel
  4702 | D:5      | Reached skill level 8 in Ice Magic
  4702 | D:5      | Reached XP level 8. HP: 31/57 MP: 3/17
  4738 | D:5      | Found a sand-covered staircase.
  4750 | Ossuary  | Entered an ossuary
  4759 | Ossuary  | Reached skill level 1 in Summonings
  5625 | Ossuary  | Noticed Menkaure
  5641 | Ossuary  | Killed Menkaure
  6682 | D:5      | Found a staircase to the Ecumenical Temple.
  7175 | Temple   | Entered the Ecumenical Temple
  7182 | Temple   | Became a worshipper of Vehumet
  7329 | D:6      | Reached skill level 5 in Summonings
  7651 | D:6      | Found an iron altar of Okawaru.
  7711 | D:6      | Reached XP level 9. HP: 49/62 MP: 14/18
  8167 | D:7      | Noticed Joseph
  8179 | D:7      | Killed Joseph
  8410 | D:7      | Reached * piety under Vehumet
  8410 | D:7      | Offered knowledge of Foxfire by Vehumet.
  8813 | D:7      | Reached skill level 9 in Ice Magic
  8833 | D:7      | Found a basalt altar of Yredelemnul.
  9516 | D:8      | Noticed Harold
  9533 | D:8      | Killed Harold
  9533 | D:8      | Reached skill level 10 in Ice Magic
  9533 | D:8      | Reached XP level 10. HP: 55/69 MP: 1/19
  9859 | D:8      | Noticed Grum
  9866 | D:8      | Reached ** piety under Vehumet
  9866 | D:8      | Offered knowledge of Searing Ray by Vehumet.
  9866 | D:8      | Reached skill level 11 in Ice Magic
  9867 | D:8      | Killed Grum
 10226 | D:8      | You fall into a shaft and drop 2 floors!
 10226 | D:10     | Entered Level 10 of the Dungeon
 11143 | D:9      | Found a staircase to the Orcish Mines.
 11179 | D:9      | Reached skill level 12 in Ice Magic
 12174 | D:10     | Found Ubyshror's Magic Scroll Boutique.
 12182 | D:10     | Bought a scroll of enchant armour for 105 gold pieces
 12182 | D:10     | Bought a scroll of remove curse for 42 gold pieces
 12182 | D:10     | Bought a scroll of blinking for 105 gold pieces
 12258 | D:10     | Offered knowledge of Conjure Flame by Vehumet.
 12258 | D:10     | Reached skill level 13 in Ice Magic
 12334 | D:10     | Reached *** piety under Vehumet
 12442 | D:10     | Reached XP level 11. HP: 74/74 MP: 16/20
 12893 | D:10     | Noticed a two-headed ogre
 12903 | D:10     | Killed a two-headed ogre
 12903 | D:10     | Offered knowledge of Stone Arrow by Vehumet.
 12908 | D:10     | Learned a level 3 spell: Stone Arrow
 12973 | D:10     | Reached skill level 14 in Ice Magic
 12988 | D:10     | Noticed a two-headed ogre
 12998 | D:10     | Killed a two-headed ogre
 13648 | D:10     | Noticed a six-headed hydra
 13650 | D:10     | Reached **** piety under Vehumet
 13652 | D:10     | Reached skill level 5 in Conjurations
 13655 | D:10     | Noticed a six-headed hydra
 13657 | D:10     | Killed a six-headed hydra
 13671 | D:10     | Killed a six-headed hydra
 13773 | D:10     | Noticed a deep elf mage
 13777 | D:10     | Noticed a centaur warrior
 13781 | D:10     | Killed a deep elf mage
 13784 | D:10     | Offered knowledge of Iskenderun's Battlesphere by Vehumet.
 13790 | D:10     | Killed a centaur warrior
 14072 | D:10     | Identified the +2 fustibalus of Annihilation {freeze, rElec
                  | rC- Int+2 Dex+7}
 14673 | D:11     | Found a staircase to the Lair.
 15131 | D:11     | Reached skill level 1 in Fighting
 15159 | D:11     | Noticed an oklob plant
 15177 | D:11     | Reached ***** piety under Vehumet
 15181 | D:11     | Offered knowledge of Iron Shot by Vehumet.
 15190 | D:11     | Killed an oklob plant
 15289 | D:11     | Reached XP level 12. HP: 88/89 MP: 21/21
 15889 | D:11     | Reached skill level 5 in Fighting
 16677 | D:11     | Noticed Urug
 16697 | D:11     | Killed Urug
 16954 | D:12     | Noticed Rupert
 16963 | D:12     | Noticed Nessos
 17007 | Lair:1   | Entered Level 1 of the Lair of Beasts
 17365 | Lair:1   | Reached skill level 5 in Dodging
 17727 | Lair:1   | Noticed an eight-headed hydra
 17739 | Lair:1   | Killed an eight-headed hydra
 17953 | Lair:1   | Learned a level 6 spell: Iron Shot
 18640 | Lair:2   | Noticed a five-headed hydra
 18658 | Lair:2   | Killed a five-headed hydra
 19106 | Lair:2   | Offered knowledge of Freezing Cloud by Vehumet.
 19164 | Lair:2   | Noticed Nergalle
 19172 | Lair:2   | Killed Nergalle
 19807 | Lair:3   | Reached XP level 13. HP: 94/102 MP: 22/25
 20223 | Lair:3   | Reached skill level 1 in Earth Magic
 20407 | Lair:3   | Found a staircase to the Snake Pit.
 21087 | Lair:3   | Learned a level 6 spell: Freezing Cloud
 21104 | Lair:3   | Learned a level 6 spell: Ozocubu's Refrigeration
 21778 | Lair:4   | Found a staircase to the Shoals.
 22008 | Lair:5   | Reached skill level 5 in Earth Magic
 23215 | Lair:5   | You fall into a shaft and drop 1 floor!
 23215 | Lair:6   | Entered Level 6 of the Lair of Beasts
 23374 | Lair:6   | Reached skill level 10 in Earth Magic
 23508 | Lair:6   | Found a staircase to the Slime Pits.
 23538 | Lair:6   | Offered knowledge of Lee's Rapid Deconstruction by Vehumet.
 23946 | Lair:6   | Gained mutation: You have acidic saliva. [Yellow Draconian
                  | growth]
 23946 | Lair:6   | Reached XP level 14. HP: 99/110 MP: 10/27
 24472 | Lair:6   | Got a scorched mace
 25086 | Lair:6   | Identified the +7 mace of Vafid {drain, +Rage rC+} (You
                  | found it on level 6 of the Lair of Beasts)
 25178 | Lair:6   | Reached skill level 15 in Ice Magic
 26204 | Orc:1    | Entered Level 1 of the Orcish Mines
 26223 | Orc:1    | Noticed Sonja
 26227 | Orc:1    | Killed Sonja
 26971 | Orc:2    | Entered Level 2 of the Orcish Mines
 27111 | Orc:2    | Found a staircase to the Elven Halls.
 27230 | Orc:2    | Reached skill level 16 in Ice Magic
 27240 | Orc:2    | Offered knowledge of Yara's Violent Unravelling by Vehumet.
 27245 | Orc:2    | Reached skill level 17 in Ice Magic
 27247 | Orc:2    | Found Yleb's Jewellery Shop.
 27247 | Orc:2    | Found Saubbom's Armour Emporium.
 27248 | Orc:2    | Found Xaocheti's Antique Armour Shoppe.
 27248 | Orc:2    | Found Suasuam's Book Shop.
 27401 | Orc:2    | Bought a shimmering kite shield for 190 gold pieces
 27401 | Orc:2    | Identified the cursed +0 kite shield "Wiampe" {rElec Str-5
                  | Int+2 Dex+2} (You bought it in a shop on level 2 of the
                  | Orcish Mines)
 27404 | Orc:2    | Bought the ring "Juhyvy Pane" {rF+ Int+3 Dex+4 SInv} for
                  | 655 gold pieces
 27727 | Orc:2    | Reached skill level 1 in Shields
 27727 | Orc:2    | Reached XP level 15. HP: 113/115 MP: 16/28
 28824 | D:12     | Killed Nessos
 28923 | D:12     | Found Zearuu's Food Shoppe.
 29201 | D:12     | Reached skill level 5 in Shields
 29366 | D:12     | Killed Rupert
 30352 | D:13     | Found a runed translucent door.
 30616 | D:13     | Found a gate to the Vaults.
 30618 | D:13     | Offered knowledge of Lightning Bolt by Vehumet.
 31513 | D:14     | Noticed Jorgrun
 31523 | D:13     | Killed from afar by Jorgrun

Illustrated notes

Levels and vault maps discovered:
D:1:      tarquinn_simple_flora_water_c, layout_basic, serial_bayou_pond_e,
          hangedman_decor_push
D:2:      layout_rooms, nemelex_xobeh_ov_fountains_minmay,
          chequers_serial_rivers_small_3, uniq_sigmund
D:3:      layout_loops_cross, grunt_temple_overflow_forces_of_nature,
          first_ration, nicolae_ru_sacrificial_ziggurat
D:4:      layout_loops_ring, kennysheep_mini, serial_shops, shop
D:5:      layout_basic, temple_hall, nicolae_ossuary_entry_giza,
          grunt_ministairs_8, uniq_duvessa, uniq_pikel
D:6:      layout_loops_ring, okawaru_ov_weapons_minmay
D:7:      layout_rooms, overflow_temple_1_default, uniq_joseph
D:8:      layout_basic, uniq_harold, uniq_grum
D:9:      layout_gridville, orc_0_dummy
D:10:     minmay_the_grid_octo_tiled_squarecenter [minmay_the_grid_octo_clover,
          minmay_the_grid_octo_horde, minmay_the_grid_octo_teeth,
          minmay_the_grid_octo_fan_narrow,
          minmay_the_grid_square_5x5_megaprize_crossed,
          minmay_the_grid_square_5x5_checkered_statues,
          minmay_the_grid_square_5x5_minivault,
          minmay_the_grid_square_5x5_broken_cross,
          minmay_the_grid_square_5x5_hourglass], layout_basic, serial_shops,
          shop
D:11:     lemuel_slime, layout_basic, lair_entry_dummy, uniq_urug
D:12:     layout_rooms, serial_shops, shop, uniq_rupert, uniq_nessos
D:13:     cheibrodos_shockbox, layout_irregular_city, grunt_vaults_entry_tiered,
          grunt_livestock, kennysheep_island_fort
D:14:     layout_loops_cross, ashenzari_altar_1, serial_shops, shop,
          uniq_roxanne, uniq_snorg, uniq_jorgrun, uniq_azrael
Temple:   eino_temple_rhombus
Lair:1:   layout_cave_pods, beast_lair_carwin_10
Lair:2:   layout_regular_city, uniq_nergalle
Lair:3:   layout_concentric_octagons, minmay_snake_entry_spellcaster
Lair:4:   layout_regular_city, minmay_shoals_entry_lonely_mermaid,
          infiniplex_staircase_pool
Lair:5:   layout_regular_city, beast_lair_carwin_7, lemuel_fruit_fields,
          grunt_megastairs_2, serial_bayou_shore_b
Lair:6:   due_jungle_book, layout_cave_pods, nicolae_slime_entry_slimehenge
Orc:1:    layout_diamond_mine, uniq_sonja
Orc:2:    st_orc_ogre_mass, layout_diamond_mine

Skill      XL: |  1  2  3  4  5  6  7  8  9 10 11 12 13 14 15 |
---------------+----------------------------------------------+-----
Spellcasting   | 3 4 5 6 8 9 |  9.1
Ice Magic      | 5 6 7 8 10 13 14 17 | 17.3
Summonings     | 6 8 |  8.0
Conjurations   | 8 |  8.5
Fighting       | 3 6 |  6.0
Dodging        | 7 |  7.0
Earth Magic    | 10 | 10.0
Shields        | 1 9 |  9.8
Stealth        | |  1.7

Action                   |  1- 3 |  4- 6 |  7- 9 | 10-12 | 13-15 || total
-------------------------+-------+-------+-------+-------+-------++-------
Melee: Unarmed           |    45 |    90 |       |       |       ||   135
       Tailslap          |     4 |    14 |    36 |    43 |    21 ||   118
       Whip              |       |       |   265 |       |       ||   265
       Falchion          |       |       |    17 |   353 |    40 ||   410
       Staff             |       |       |       |       |    89 ||    89
       Mace              |       |       |       |       |    32 ||    32
       Bite              |       |       |       |       |    11 ||    11
 Cast: Freeze            |    34 |    53 |    16 |    49 |     6 ||   158
       Frozen Ramparts   |       |    29 |    36 |    65 |    23 ||   153
       Summon Ice Beast  |       |     1 |    27 |    58 |    15 ||   101
       Hailstorm         |       |       |     4 |    48 |    16 ||    68
       Stone Arrow       |       |       |       |     4 |    12 ||    16
       Ozocubu's Refrige |       |       |       |       |   195 ||   195
       Iron Shot         |       |       |       |       |    14 ||    14
 Abil: Breathe Acid      |       |       |     2 |     4 |     5 ||    11
Evoke: Wand              |       |       |       |     1 |     2 ||     3
  Use: Scroll            |       |       |       |    13 |    20 ||    33
 Stab: Distracted        |       |       |     1 |     2 |     2 ||     5
       Sleeping          |       |       |       |     8 |     1 ||     9
  Eat: Ration            |     1 |     3 |     4 |     9 |    11 ||    28
Armor: Skin              |    27 |    45 |   104 |   182 |    54 ||   412
Dodge: Dodged            |    48 |    91 |   183 |   315 |   167 ||   804
Block: Kite shield       |       |       |       |       |    26 ||    26
       Rpst.: Falchion   |       |       |     4 |    97 |    12 ||   113

Table legend:
 A = Non-vault XP
 B = Vault XP
 C = Vault XP percentage of total XP
 D = Non-vault monster count
 E = Vault monster count
 F = Vault count percentage of total count
                 A         B        C        D         E       F
            +---------+---------+-------+---------+---------+-------
      Total |   79885 |   55607 |  41.0 |     537 |     226 |  29.6
            +---------+---------+-------+---------+---------+-------
        D:1 |      36 |       0 |   0.0 |      26 |       0 |   0.0
        D:2 |      91 |     212 |  70.0 |      20 |       1 |   4.8
        D:3 |      73 |       0 |   0.0 |      22 |       0 |   0.0
        D:4 |     145 |       0 |   0.0 |      13 |       0 |   0.0
        D:5 |     458 |     943 |  67.3 |      25 |       8 |  24.2
        D:6 |     719 |       0 |   0.0 |      11 |       0 |   0.0
        D:7 |     882 |     404 |  31.4 |      24 |       1 |   4.0
        D:8 |    1462 |    1329 |  47.6 |      34 |       4 |  10.5
        D:9 |    1573 |       0 |   0.0 |      22 |       0 |   0.0
       D:10 |    3864 |    7296 |  65.4 |      45 |      26 |  36.6
       D:11 |    4542 |    1324 |  22.6 |      45 |      21 |  31.8
       D:12 |    5272 |    4045 |  43.4 |      22 |       2 |   8.3
       D:13 |   10566 |   10490 |  49.8 |      36 |      33 |  47.8
     Lair:1 |    3759 |    1875 |  33.3 |      13 |       9 |  40.9
     Lair:2 |    4996 |     820 |  14.1 |      18 |       1 |   5.3
     Lair:3 |    6085 |     463 |   7.1 |      28 |       1 |   3.4
     Lair:4 |     805 |     481 |  37.4 |       4 |       1 |  20.0
     Lair:5 |    9875 |    2698 |  21.5 |      28 |      12 |  30.0
     Lair:6 |   17523 |    3082 |  15.0 |      40 |      11 |  21.6
      Orc:1 |    4762 |     795 |  14.3 |      40 |       1 |   2.4
      Orc:2 |    2397 |   19123 |  88.9 |      21 |      41 |  66.1
    Ossuary |       0 |     227 | 100.0 |       0 |      53 | 100.0
            +---------+---------+-------+---------+---------+-------
